Oilers vs Coyotes

Created - Wednesday, March 23, 2016 at 02:12

Goals
1 2 3 T
Oilers 2 4 1 7
Coyotes 2 2 1 5
Shots
1 2 3 T
Oilers 12 18 4 34
Coyotes 10 8 9 27

1st period

1. Oilers , Pavel Datsyuk 35 (Nicklas Backstrom) at 0:06
2. Oilers , Nick Bonino 23 (Milan Michalek, Zbynek Michalek) at 10:41
3. Coyotes , Bobby Butler 4 (Dave Steckel) at 12:10
4. Coyotes , David Jones 26 (Elias Lindholm, Michal Jordan) at 15:53 (PP)

Penalties :
Kyle Clifford (Ari) for Unsportsmanlike conduct (Minor) at 4:49, Jason Demers (Edm) for Holding (Minor) at 14:26

2nd period

5. Coyotes , Eric Nystrom 8 (Elias Lindholm, David Jones) at 0:34
6. Oilers , Pavel Datsyuk 36 (Nicklas Backstrom, Andrew MacDonald) at 3:40
7. Oilers , Derek Stepan 17 (David Desharnais) at 4:23 (PP)
8. Oilers , Patrick Marleau 28 (Nicklas Backstrom, Pavel Datsyuk) at 6:16
9. Coyotes , Stephen Weiss 20 (Greg Pateryn) at 12:21
10. Oilers , Pavel Datsyuk 37 (James Wisniewski, Nicklas Backstrom) at 16:23

Penalties :
Elias Lindholm (Ari) for High sticking (Minor) at 3:55

3rd period

11. Oilers , Ryan McDonagh 3 (Andrew Ladd, Nick Foligno) at 3:27
12. Coyotes , Kyle Clifford 6 (Stephen Weiss, Stefan Elliott) at 10:25

Penalties :
Andrew Ladd (Edm) for Hooking (Minor) at 0:48, Nick Foligno (Edm) for Hooking (Minor) at 12:51, Dave Steckel (Ari) for Holding (Minor) at 18:13

Goalie Stats

Ray Emery (Edm), 22 saves from 27 shots - (0.815), W, 1-1-0, 60:00 minutes
Carter Hutton (Ari), 27 saves from 34 shots - (0.794), L, 2-14-4, 60:00 minutes

Players Stats for Oilers

Player Name              G  A  P  +/- PIM S  H  SB GA TA FO     MP     PP MP  PK MP  
------------------------------------------------------------------------------------
Andrew Ladd              0  1  1  -1  2   0  4  1  0  0  0/1    21:22   2:23   2:18 
Andrew MacDonald         0  1  1   1  0   2  0  2  0  0  0/0    16:15   0:00   1:57 
Brayden McNabb           0  0  0   0  0   0  0  0  0  0  0/0     1:52   0:00   0:00 
David Desharnais         0  1  1   0  0   1  1  0  2  0  11/14  18:59   2:47   2:36 
Derek Stepan             1  0  1  -1  0   3  1  1  3  2  14/20  19:29   3:40   0:00 
James Wisniewski         0  1  1   2  0   1  1  1  0  0  0/0    21:18   3:40   0:00 
Jason Demers             0  0  0   1  2   1  1  1  0  0  0/0    14:17   0:00   0:00 
Lars Eller               0  0  0  -1  0   0  1  0  0  0  2/3     7:59   0:00   0:00 
Milan Michalek           0  1  1   0  0   2  0  0  1  1  0/0    16:11   0:30   1:16 
Nick Bonino              1  0  1   0  0   2  0  1  3  1  1/3    11:46   0:00   2:06 
Nick Foligno             0  1  1  -1  2   5  3  0  6  0  2/3    19:27   2:29   0:00 
Nicklas Backstrom        0  4  4   4  0   4  1  1  1  0  6/11   16:52   1:53   0:19 
Niklas Hjalmarsson       0  0  0  -1  0   0  0  0  0  1  0/0    19:58   0:00   3:27 
Patrick Marleau          1  0  1   4  0   3  0  2  0  0  2/6    23:54   1:53   2:13 
Pavel Datsyuk            3  1  4   3  0   8  1  0  3  0  1/1    15:20   1:50   0:00 
Ryan McDonagh            1  0  1   2  0   2  4  1  0  0  0/0    21:27   0:00   1:57 
Trevor Lewis             0  0  0  -1  0   0  0  0  0  0  0/0     7:59   0:00   0:00 
Zbynek Michalek          0  1  1  -1  0   0  2  1  0  3  0/0    19:58   0:00   3:27 

Players Stats for Coyotes

Player Name              G  A  P  +/- PIM S  H  SB GA TA FO     MP     PP MP  PK MP  
------------------------------------------------------------------------------------
Andrej Sustr             0  0  0   0  0   0  0  1  0  2  0/0    26:59   3:36   2:28 
Bobby Butler             1  0  1   2  0   3  0  1  1  0  0/0     8:40   0:00   0:00 
Carter Ashton            0  0  0   0  0   2  1  0  0  1  4/5    15:42   1:33   0:00 
Dave Steckel             0  1  1  -1  2   1  0  0  0  2  9/19   20:44   0:00   0:00 
David Jones              1  1  2  -2  0   2  2  0  4  0  2/3    19:08   3:16   0:46 
Elias Lindholm           0  2  2   0  2   4  0  0  2  0  0/8     8:38   0:49   1:15 
Eric Nystrom             1  0  1  -2  0   4  1  0  0  1  0/1    21:21   3:16   2:52 
Greg Pateryn             0  1  1   0  0   0  1  1  0  0  0/0    14:58   0:00   1:45 
Kyle Clifford            1  0  1   0  2   2  2  0  0  0  1/2    15:42   0:54   0:00 
Mark Barberio            0  0  0   0  0   0  0  1  0  3  0/0    14:58   0:00   1:45 
Mark Borowiecki          0  0  0   0  0   1  1  0  1  0  0/0    18:46   0:00   2:28 
Michal Jordan            0  1  1  -2  0   2  1  0  0  0  0/0    18:01   1:48   0:00 
Philippe Paradis         0  0  0  -2  0   0  0  0  0  0  1/2    13:15   0:00   0:37 
R.J. Umberger            0  0  0   0  0   0  2  1  0  1  1/2    16:42   2:08   0:44 
Rob Klinkhammer          0  0  0  -2  0   3  1  1  5  0  2/3    16:38   2:08   0:48 
Stefan Elliott           0  1  1  -2  0   0  0  1  0  0  0/0    19:39   3:36   0:00 
Stephen Weiss            1  1  2   1  0   3  0  0  3  0  3/17   19:08   2:08   1:24 
T.J. Brennan             0  0  0   0  0   0  0  2  0  1  0/0     6:35   1:48   0:00 

3 Stars

1 - Pavel Datsyuk (Edm)
2 - Nicklas Backstrom (Edm)
3 - Patrick Marleau (Edm)

Power Play

Oilers - 1 on 3 Attempt(s) - 33.33%
Coyotes - 1 on 3 Attempt(s) - 33.33%

Penalty Kill

Oilers - 2 on 3 Attempt(s) - 66.67% - Score 0 goal in Penalty Kill
Coyotes - 2 on 3 Attempt(s) - 66.67% - Score 0 goal in Penalty Kill

Team Stat

Oilers - Hits : 20 - Faceoff Wins : 39 - Blocked Shots : 12 - Penalty Minutes : 6
Coyotes - Hits : 12 - Faceoff Wins : 23 - Blocked Shots : 9 - Penalty Minutes : 6

Official

Referees : Unknown
Linesman : Unknown

Game Notes

Elias Lindholm is injured at 5:17 of 2nd period (Sprained Right Knee)
Pavel Datsyuk has scored a Hat Trick!
Nick Bonino is injured at 1:28 of 3rd period (Right Knee)

Finance

Level 1 -- Attendance: 4848 (80.80%) -- Ticket Income $446,016
Level 2 -- Attendance: 3604 (72.08%) -- Ticket Income $216,240
Level 3 -- Attendance: 1707 (85.35%) -- Ticket Income $54,624
Level 4 -- Attendance: 2868 (71.70%) -- Ticket Income $57,360
Luxury Box -- Attendance: 707 (70.70%) -- Ticket Income $130,795
Game was played at the Glendale Arena.
Total Attendance: 13734 (76.30%)
Total Ticket Income: $905,035
Other Income: $443,467
Total Income: $1,348,502

Oilers

5 vs 5 Forward 
   Center                   Left Wing                Right Wing               Time % Phy DF OF 
 1 Nicklas Backstrom        Pavel Datsyuk            Patrick Marleau          35     0   1  4  
 2 Derek Stepan             Andrew Ladd              Nick Foligno             35     0   1  4  
 3 David Desharnais         Nick Bonino              Milan Michalek           25     0   2  3  
 4 Lars Eller               Patrick Marleau          Trevor Lewis             5      1   2  2  

5 vs 5 Defense 
   Defense                  Defense                                           Time % Phy DF OF 
 1 Ryan McDonagh            James Wisniewski                                  35     1   4  0  
 2 Zbynek Michalek          Niklas Hjalmarsson                                35     1   4  0  
 3 Jason Demers             Andrew MacDonald                                  27     1   4  0  
 4 Brayden McNabb           Ryan McDonagh                                     3      1   4  0  

PowerPlay Forward 
   Center                   Left Wing                Right Wing               Time % Phy DF OF 
 1 Nicklas Backstrom        Pavel Datsyuk            Patrick Marleau          50     0   0  5  
 2 David Desharnais         Andrew Ladd              Nick Foligno             50     0   0  5  

PowerPlay Defense
   Defense                  Defense                                           Time % Phy DF OF 
 1 Derek Stepan             James Wisniewski                                  60     1   2  2  
 2 Nicklas Backstrom        Patrick Marleau                                   40     1   2  2  

Penalty Kill 4 Players Forward 
   Center                   Wing                     Time % Phy DF OF 
 1 Nick Bonino              Andrew Ladd              60     1   4  0  
 2 Lars Eller               Milan Michalek           40     1   4  0  

Penalty Kill 4 Players Defense
   Defense                  Defense                  Time % Phy DF OF 
 1 Zbynek Michalek          Niklas Hjalmarsson       50     1   4  0  
 2 Ryan McDonagh            Andrew MacDonald         50     1   4  0  

Penalty Kill - 3 Players Forward 
   Forward                                           Time % Phy DF OF 
 1 Nick Bonino                                       60     1   4  0  
 2 Derek Stepan                                      40     1   4  0  

Penalty Kill - 3 Players Defense
   Defense                  Defense                  Time % Phy DF OF 
 1 Zbynek Michalek          Niklas Hjalmarsson       50     1   4  0  
 2 Ryan McDonagh            Andrew MacDonald         50     1   4  0  

4 vs 4 Forward 
   Center                   Wing                     Time % Phy DF OF 
 1 Nicklas Backstrom        Pavel Datsyuk            60     0   0  5  
 2 Nick Foligno             Andrew Ladd              40     0   1  4  

4 vs 4 Defense
   Defense                  Defense                  Time % Phy DF OF 
 1 Ryan McDonagh            James Wisniewski         60     1   4  0  
 2 Zbynek Michalek          Niklas Hjalmarsson       40     1   4  0  

Last Minutes Offensive
   Center                   Left Wing                Right Wing               Defense                  Defense                  
   Nicklas Backstrom        Pavel Datsyuk            Nick Foligno             Patrick Marleau          James Wisniewski         

Last Minutes Defensive
   Center                   Left Wing                Right Wing               Defense                  Defense                  
   Nicklas Backstrom        Andrew Ladd              Nick Foligno             Ryan McDonagh            Zbynek Michalek          

Goaltenders
Starting : Ray Emery                
Backup : Jaroslav Halak           

Extra Forwards
Normal : Nicklas Backstrom, Pavel Datsyuk, Nick Foligno - PP : Nicklas Backstrom, Pavel Datsyuk - PK : Patrick Marleau
Extra Defensemen
Normal : Jason Demers, Andrew MacDonald, Brayden McNabb - PP : Jason Demers - PK : Andrew MacDonald, Ryan McDonagh
Penalty Shots
Pavel Datsyuk, David Desharnais, Andrew Ladd, Nick Bonino, Nicklas Backstrom

Coyotes

5 vs 5 Forward 
   Center                   Left Wing                Right Wing               Time % Phy DF OF 
 1 Elias Lindholm           Eric Nystrom             David Jones              30     1   1  3  
 2 Stephen Weiss            Kyle Clifford            R.J. Umberger            28     1   1  3  
 3 Dave Steckel             Philippe Paradis         Rob Klinkhammer          23     1   1  3  
 4 Dave Steckel             Carter Ashton            Bobby Butler             19     1   1  3  

5 vs 5 Defense 
   Defense                  Defense                                           Time % Phy DF OF 
 1 Mark Borowiecki          Andrej Sustr                                      35     1   2  2  
 2 Stefan Elliott           Michal Jordan                                     30     1   2  2  
 3 Greg Pateryn             Mark Barberio                                     22     1   2  2  
 4 T.J. Brennan             Andrej Sustr                                      13     1   2  2  

PowerPlay Forward 
   Center                   Left Wing                Right Wing               Time % Phy DF OF 
 1 Elias Lindholm           Eric Nystrom             David Jones              60     1   2  2  
 2 Stephen Weiss            R.J. Umberger            Rob Klinkhammer          40     1   2  2  

PowerPlay Defense
   Defense                  Defense                                           Time % Phy DF OF 
 1 Stefan Elliott           Andrej Sustr                                      60     1   2  2  
 2 T.J. Brennan             Michal Jordan                                     40     1   2  2  

Penalty Kill 4 Players Forward 
   Center                   Wing                     Time % Phy DF OF 
 1 Elias Lindholm           Eric Nystrom             60     1   2  2  
 2 Stephen Weiss            R.J. Umberger            40     1   2  2  

Penalty Kill 4 Players Defense
   Defense                  Defense                  Time % Phy DF OF 
 1 Mark Borowiecki          Andrej Sustr             60     1   2  2  
 2 Greg Pateryn             Mark Barberio            40     1   2  2  

Penalty Kill - 3 Players Forward 
   Forward                                           Time % Phy DF OF 
 1 Elias Lindholm                                    60     1   2  2  
 2 Stephen Weiss                                     40     1   2  2  

Penalty Kill - 3 Players Defense
   Defense                  Defense                  Time % Phy DF OF 
 1 Mark Borowiecki          Andrej Sustr             60     1   2  2  
 2 Greg Pateryn             Mark Barberio            40     1   2  2  

4 vs 4 Forward 
   Center                   Wing                     Time % Phy DF OF 
 1 Elias Lindholm           David Jones              60     1   2  2  
 2 Stephen Weiss            Eric Nystrom             40     1   2  2  

4 vs 4 Defense
   Defense                  Defense                  Time % Phy DF OF 
 1 Mark Borowiecki          Andrej Sustr             60     1   2  2  
 2 Stefan Elliott           T.J. Brennan             40     1   2  2  

Last Minutes Offensive
   Center                   Left Wing                Right Wing               Defense                  Defense                  
   Elias Lindholm           Eric Nystrom             David Jones              Stefan Elliott           Andrej Sustr             

Last Minutes Defensive
   Center                   Left Wing                Right Wing               Defense                  Defense                  
   Elias Lindholm           R.J. Umberger            Eric Nystrom             Mark Borowiecki          Andrej Sustr             

Goaltenders
Starting : Carter Hutton            
Backup : Malcolm Subban           

Extra Forwards
Normal : Carter Ashton, Kyle Clifford, Rob Klinkhammer - PP : Carter Ashton, Kyle Clifford - PK : Rob Klinkhammer
Extra Defensemen
Normal : Greg Pateryn, Mark Barberio, T.J. Brennan - PP : Greg Pateryn - PK : Mark Barberio, T.J. Brennan
Penalty Shots
Elias Lindholm, Stephen Weiss, R.J. Umberger, Eric Nystrom, David Jones

% Time on Ice - Oilers

Lines # - Real PCT - Wanted PCT - Time Play
Normal Forward
1 - 26% - 35% - 13:18
2 - 31% - 35% - 15:50
3 - 26% - 25% - 13:15
4 - 16% - 5% - 7:59
Normal Defense
1 - 36% - 35% - 18:18
2 - 32% - 35% - 15:54
3 - 28% - 27% - 14:18
4 - 4% - 3% - 1:52
PP Forward
1 - 43% - 50% - 1:50
2 - 57% - 50% - 2:23
PP Defense
1 - 87% - 60% - 3:40
2 - 13% - 40% - 0:33
PK Forward
1 - 100% - 60% - 5:25
2 - 0% - 40% - 0:00
PK Defense
1 - 64% - 50% - 3:27
2 - 36% - 50% - 1:58
PK3 Forward
1 - 0% - 60%
2 - 0% - 40%
PK3 Defense
1 - 0% - 50%
2 - 0% - 50%
44 Forward
1 - 0% - 60%
2 - 0% - 40%
44 Defense
1 - 0% - 60%
2 - 0% - 40%
Last Minute Offensive  - 0:00
Last Minute Defensive  - 0:00
Total
Forward - 60:00
Defense - 60:00

% Time on Ice - Coyotes

Lines # - Real PCT - Wanted PCT - Time Play
Normal Forward
1 - 30% - 30% - 15:14
2 - 27% - 28% - 13:50
3 - 25% - 23% - 12:38
4 - 17% - 19% - 8:40
Normal Defense
1 - 33% - 35% - 16:30
2 - 32% - 30% - 16:13
3 - 26% - 22% - 13:13
4 - 9% - 13% - 4:26
PP Forward
1 - 60% - 60% - 3:16
2 - 40% - 40% - 2:09
PP Defense
1 - 66% - 60% - 3:36
2 - 34% - 40% - 1:49
PK Forward
1 - 83% - 60% - 3:29
2 - 17% - 40% - 0:44
PK Defense
1 - 58% - 60% - 2:28
2 - 42% - 40% - 1:45
PK3 Forward
1 - 0% - 60%
2 - 0% - 40%
PK3 Defense
1 - 0% - 60%
2 - 0% - 40%
44 Forward
1 - 0% - 60%
2 - 0% - 40%
44 Defense
1 - 0% - 60%
2 - 0% - 40%
Last Minute Offensive  - 0:00
Last Minute Defensive  - 0:00
Total
Forward - 60:00
Defense - 60:00

Play by Play

1st period


0:01 of 1st period - Nicklas Backstrom wins face-off versus Elias Lindholm in neutral zone.
0:06 of 1st period - Snap shot by Pavel Datsyuk.
0:06 of 1st period - Goal by Pavel Datsyuk - Oilers : 1 - Coyotes : 0.
0:07 of 1st period - Stephen Weiss wins face-off versus Derek Stepan in neutral zone.
0:19 of 1st period - Backhand shot by Nick Foligno.
0:19 of 1st period - Stopped by Carter Hutton with a rebound.
0:21 of 1st period - Snap shot by Derek Stepan.
0:21 of 1st period - Shot Misses the Net.
0:39 of 1st period - Snap shot by Derek Stepan.
0:39 of 1st period - Stopped by Carter Hutton with a rebound.
0:41 of 1st period - Slapshot by Zbynek Michalek.
0:41 of 1st period - Shot Misses the Net.
0:43 of 1st period - Slapshot by Zbynek Michalek.
0:43 of 1st period - Deflect By Derek Stepan.
0:43 of 1st period - Shot Blocked by Stefan Elliott.
0:43 of 1st period - Puck is out of play.
0:44 of 1st period - Philippe Paradis wins face-off versus David Desharnais in Coyotes zone.
0:57 of 1st period - Slapshot by Rob Klinkhammer.
0:57 of 1st period - Shot Misses the Net.
0:59 of 1st period - Slapshot by Greg Pateryn.
0:59 of 1st period - Deflect By Rob Klinkhammer.
0:59 of 1st period - Shot Misses the Net.
0:59 of 1st period - Puck is out of play.
1:00 of 1st period - David Desharnais wins face-off versus Dave Steckel in Oilers zone.
2:01 of 1st period - Wrist shot by David Jones.
2:01 of 1st period - Shot Misses the Net.
2:03 of 1st period - Backhand shot by Mark Borowiecki.
2:03 of 1st period - Shot Blocked by Andrew MacDonald.
2:05 of 1st period - Wrist shot by Eric Nystrom.
2:05 of 1st period - Shot Misses the Net.
2:07 of 1st period - Slapshot by Mark Borowiecki.
2:07 of 1st period - Deflect By Nicklas Backstrom.
2:07 of 1st period - Stopped by Ray Emery with a rebound.
2:09 of 1st period - Slapshot by Eric Nystrom.
2:09 of 1st period - Shot Misses the Net.
2:48 of 1st period - Slapshot by Stephen Weiss.
2:48 of 1st period - Shot Misses the Net.
2:50 of 1st period - Slapshot by Kyle Clifford.
2:50 of 1st period - Stopped by Ray Emery without a rebound.
2:51 of 1st period - Dave Steckel wins face-off versus Derek Stepan in Oilers zone.
3:20 of 1st period - Snap shot by Bobby Butler.
3:20 of 1st period - Shot Misses the Net.
4:49 of 1st period - Minor Penalty to Kyle Clifford for Unsportsmanlike conduct.
4:50 of 1st period - Nick Foligno wins face-off versus Elias Lindholm in Coyotes zone.
5:57 of 1st period - Off-side.
5:58 of 1st period - David Desharnais wins face-off versus Stephen Weiss in neutral zone.
6:08 of 1st period - Icing by David Desharnais.
6:09 of 1st period - David Desharnais wins face-off versus Stephen Weiss in Oilers zone.
6:14 of 1st period - R.J. Umberger is hit by Andrew Ladd and loses puck.
6:29 of 1st period - Slapshot by Mark Borowiecki.
6:29 of 1st period - Shot Blocked by Patrick Marleau.
6:35 of 1st period - Wrist shot by Nicklas Backstrom.
6:35 of 1st period - Stopped by Carter Hutton without a rebound.
6:36 of 1st period - David Desharnais wins face-off versus Elias Lindholm in Coyotes zone.
6:49 of 1st period - Penalty to Kyle Clifford is over, Kyle Clifford is back on ice.
6:53 of 1st period - Wrist shot by Pavel Datsyuk.
6:53 of 1st period - Shot Hit the Post.
6:55 of 1st period - Slapshot by Nick Foligno.
6:55 of 1st period - Stopped by Carter Hutton without a rebound.
6:56 of 1st period - Nick Foligno wins face-off versus Dave Steckel in Coyotes zone.
6:57 of 1st period - Slapshot by Pavel Datsyuk.
6:57 of 1st period - Shot Blocked by Mark Barberio.
6:59 of 1st period - Slapshot by Niklas Hjalmarsson.
6:59 of 1st period - Deflect By Pavel Datsyuk.
6:59 of 1st period - Shot Misses the Net.
6:59 of 1st period - Puck is out of play.
7:00 of 1st period - Dave Steckel wins face-off versus Nick Foligno in Coyotes zone.
7:49 of 1st period - Wrist shot by Mark Barberio.
7:49 of 1st period - Deflect By Stephen Weiss.
7:49 of 1st period - Shot Misses the Net.
7:49 of 1st period - Puck is out of play.
7:50 of 1st period - Lars Eller wins face-off versus Stephen Weiss in Oilers zone.
7:50 of 1st period - Lars Eller is hit by R.J. Umberger.
8:42 of 1st period - James Wisniewski is hit by David Jones and loses puck.
9:11 of 1st period - Wrist shot by Nick Foligno.
9:11 of 1st period - Stopped by Carter Hutton with a rebound.
9:37 of 1st period - Snap shot by Bobby Butler.
9:37 of 1st period - Stopped by Ray Emery with a rebound.
9:45 of 1st period - Slapshot by Dave Steckel.
9:45 of 1st period - Shot Hit the Post.
9:47 of 1st period - Backhand shot by Carter Ashton.
9:47 of 1st period - Shot Misses the Net.
9:49 of 1st period - Slapshot by Michal Jordan.
9:49 of 1st period - Shot Blocked by Andrew Ladd.
9:51 of 1st period - Slapshot by Stefan Elliott.
9:51 of 1st period - Shot Blocked by Derek Stepan.
9:53 of 1st period - Slapshot by Bobby Butler.
9:53 of 1st period - Shot Blocked by Jason Demers.
10:41 of 1st period - Snap shot by Nick Bonino.
10:41 of 1st period - Goal by Nick Bonino - Oilers : 2 - Coyotes : 0.
10:42 of 1st period - Nicklas Backstrom wins face-off versus Stephen Weiss in neutral zone.
10:44 of 1st period - Off-side.
10:45 of 1st period - Nicklas Backstrom wins face-off versus Stephen Weiss in neutral zone.
10:54 of 1st period - Snap shot by Pavel Datsyuk.
10:54 of 1st period - Stopped by Carter Hutton with a rebound.
10:56 of 1st period - Wrist shot by Nicklas Backstrom.
10:56 of 1st period - Shot Misses the Net.
10:58 of 1st period - Wrist shot by Ryan McDonagh.
10:58 of 1st period - Stopped by Carter Hutton with a rebound.
11:00 of 1st period - Slapshot by Nicklas Backstrom.
11:00 of 1st period - Shot Blocked by Greg Pateryn.
11:38 of 1st period - Mark Barberio is hit by David Desharnais and loses puck.
11:50 of 1st period - Slapshot by David Jones.
11:50 of 1st period - Shot Misses the Net.
11:52 of 1st period - Wrist shot by Elias Lindholm.
11:52 of 1st period - Stopped by Ray Emery with a rebound.
11:54 of 1st period - Wrist shot by Eric Nystrom.
11:54 of 1st period - Deflect By James Wisniewski.
11:54 of 1st period - Shot Misses the Net.
11:54 of 1st period - Puck is out of play.
11:55 of 1st period - Derek Stepan wins face-off versus Dave Steckel in Oilers zone.
12:06 of 1st period - Slapshot by Carter Ashton.
12:06 of 1st period - Stopped by Ray Emery without a rebound.
12:07 of 1st period - Dave Steckel wins face-off versus Derek Stepan in Oilers zone.
12:10 of 1st period - Slapshot by Bobby Butler.
12:10 of 1st period - Goal by Bobby Butler - Oilers : 2 - Coyotes : 1.
12:11 of 1st period - David Desharnais wins face-off versus Elias Lindholm in neutral zone.
12:16 of 1st period - Wrist shot by Nick Bonino.
12:16 of 1st period - Stopped by Carter Hutton with a rebound.
12:28 of 1st period - Snap shot by Elias Lindholm.
12:28 of 1st period - Stopped by Ray Emery with a rebound.
12:48 of 1st period - Snap shot by Elias Lindholm.
12:48 of 1st period - Stopped by Ray Emery without a rebound.
12:49 of 1st period - Derek Stepan wins face-off versus Dave Steckel in Oilers zone.
12:49 of 1st period - Derek Stepan is hit by Rob Klinkhammer.
13:43 of 1st period - Ryan McDonagh is hit by R.J. Umberger and loses puck.
13:50 of 1st period - R.J. Umberger is hit by James Wisniewski.
14:26 of 1st period - Minor Penalty to Jason Demers for Holding.
14:27 of 1st period - Nick Bonino wins face-off versus Elias Lindholm in Oilers zone.
14:44 of 1st period - Snap shot by Andrew Ladd.
14:44 of 1st period - Shot Blocked by Andrej Sustr.
15:53 of 1st period - Wrist shot by David Jones.
15:53 of 1st period - Goal by David Jones - Oilers : 2 - Coyotes : 2.
15:54 of 1st period - Dave Steckel wins face-off versus Patrick Marleau in neutral zone.
16:03 of 1st period - Snap shot by Bobby Butler.
16:03 of 1st period - Stopped by Ray Emery without a rebound.
16:04 of 1st period - Nicklas Backstrom wins face-off versus Dave Steckel in Oilers zone.
16:04 of 1st period - Nicklas Backstrom is hit by Greg Pateryn.
16:14 of 1st period - Wrist shot by Pavel Datsyuk.
16:14 of 1st period - Deflect By Nicklas Backstrom.
16:14 of 1st period - Shot Misses the Net.
16:14 of 1st period - Puck is out of play.
16:15 of 1st period - Nicklas Backstrom wins face-off versus Elias Lindholm in Coyotes zone.
16:33 of 1st period - Slapshot by James Wisniewski.
16:33 of 1st period - Stopped by Carter Hutton with a rebound.
16:37 of 1st period - Snap shot by Nicklas Backstrom.
16:37 of 1st period - Stopped by Carter Hutton without a rebound.
16:38 of 1st period - Dave Steckel wins face-off versus Derek Stepan in Coyotes zone.
16:57 of 1st period - Dave Steckel is hit by Nick Foligno and loses puck.
17:35 of 1st period - Mark Barberio is hit by Nicklas Backstrom.
18:21 of 1st period - Snap shot by Elias Lindholm.
18:21 of 1st period - Shot Hit the Post.
19:20 of 1st period - Slapshot by Rob Klinkhammer.
19:20 of 1st period - Shot Misses the Net.
Goals for this period are 2 for Oilers vs 2 for Coyotes.
Shots for this period are 12 for Oilers vs 10 for Coyotes.

2nd period


0:01 of 2nd period - Derek Stepan wins face-off versus Elias Lindholm in neutral zone.
0:32 of 2nd period - Snap shot by Eric Nystrom.
0:32 of 2nd period - Deflect By Elias Lindholm.
0:32 of 2nd period - Stopped by Ray Emery with a rebound.
0:34 of 2nd period - Snap shot by Eric Nystrom.
0:34 of 2nd period - Goal by Eric Nystrom - Oilers : 2 - Coyotes : 3.
0:35 of 2nd period - Dave Steckel wins face-off versus Nicklas Backstrom in neutral zone.
0:42 of 2nd period - Snap shot by Rob Klinkhammer.
0:42 of 2nd period - Shot Blocked by James Wisniewski.
0:44 of 2nd period - Snap shot by Rob Klinkhammer.
0:44 of 2nd period - Shot Misses the Net.
0:46 of 2nd period - Slapshot by Michal Jordan.
0:46 of 2nd period - Stopped by Ray Emery with a rebound.
1:28 of 2nd period - Ryan McDonagh is hit by Michal Jordan and loses puck.
1:59 of 2nd period - Snap shot by Kyle Clifford.
1:59 of 2nd period - Shot Misses the Net.
2:15 of 2nd period - Snap shot by David Desharnais.
2:15 of 2nd period - Stopped by Carter Hutton with a rebound.
2:54 of 2nd period - Wrist shot by Trevor Lewis.
2:54 of 2nd period - Deflect By Patrick Marleau.
2:54 of 2nd period - Stopped by Carter Hutton with a rebound.
2:56 of 2nd period - Wrist shot by Trevor Lewis.
2:56 of 2nd period - Deflect By Patrick Marleau.
2:56 of 2nd period - Shot Misses the Net.
2:56 of 2nd period - Puck is out of play.
2:57 of 2nd period - Patrick Marleau wins face-off versus Dave Steckel in Coyotes zone.
3:12 of 2nd period - Wrist shot by Trevor Lewis.
3:12 of 2nd period - Shot Misses the Net.
3:14 of 2nd period - Snap shot by Jason Demers.
3:14 of 2nd period - Deflect By Mark Barberio.
3:14 of 2nd period - Stopped by Carter Hutton without a rebound.
3:15 of 2nd period - Patrick Marleau wins face-off versus Stephen Weiss in Coyotes zone.
3:22 of 2nd period - Wrist shot by Pavel Datsyuk.
3:22 of 2nd period - Shot Misses the Net.
3:24 of 2nd period - Backhand shot by Andrew MacDonald.
3:24 of 2nd period - Deflect By Pavel Datsyuk.
3:24 of 2nd period - Stopped by Carter Hutton with a rebound.
3:26 of 2nd period - Slapshot by Jason Demers.
3:26 of 2nd period - Shot Misses the Net.
3:28 of 2nd period - Slapshot by Jason Demers.
3:28 of 2nd period - Shot Misses the Net.
3:30 of 2nd period - Slapshot by Andrew MacDonald.
3:30 of 2nd period - Shot Blocked by R.J. Umberger.
3:40 of 2nd period - Snap shot by Pavel Datsyuk.
3:40 of 2nd period - Goal by Pavel Datsyuk - Oilers : 3 - Coyotes : 3.
3:41 of 2nd period - Derek Stepan wins face-off versus Elias Lindholm in neutral zone.
3:55 of 2nd period - Minor Penalty to Elias Lindholm for High sticking.
3:56 of 2nd period - Rob Klinkhammer wins face-off versus Andrew Ladd in Coyotes zone.
4:23 of 2nd period - Slapshot by Derek Stepan.
4:23 of 2nd period - Goal by Derek Stepan - Oilers : 4 - Coyotes : 3.
4:24 of 2nd period - Dave Steckel wins face-off versus Nicklas Backstrom in neutral zone.
4:54 of 2nd period - Zbynek Michalek is hit by Carter Ashton and loses puck.
5:01 of 2nd period - Niklas Hjalmarsson is hit by Mark Borowiecki and loses puck.
5:16 of 2nd period - Elias Lindholm is hit by Nick Foligno and loses puck.
5:17 of 2nd period - Elias Lindholm from Coyotes is injured at 5:17 of 2nd period (Sprained Right Knee).
5:18 of 2nd period - Derek Stepan wins face-off versus Philippe Paradis in Coyotes zone.
5:25 of 2nd period - Snap shot by Nick Foligno.
5:25 of 2nd period - Stopped by Carter Hutton without a rebound.
5:26 of 2nd period - Derek Stepan wins face-off versus Dave Steckel in Coyotes zone.
5:41 of 2nd period - Snap shot by Rob Klinkhammer.
5:41 of 2nd period - Stopped by Ray Emery without a rebound.
5:42 of 2nd period - Pavel Datsyuk wins face-off versus Carter Ashton in Oilers zone.
5:51 of 2nd period - Slapshot by Nicklas Backstrom.
5:51 of 2nd period - Shot Misses the Net.
5:53 of 2nd period - Slapshot by Andrew MacDonald.
5:53 of 2nd period - Stopped by Carter Hutton without a rebound.
5:54 of 2nd period - Nicklas Backstrom wins face-off versus David Jones in Coyotes zone.
6:12 of 2nd period - Snap shot by Pavel Datsyuk.
6:12 of 2nd period - Shot Misses the Net.
6:14 of 2nd period - Slapshot by Nicklas Backstrom.
6:14 of 2nd period - Shot Misses the Net.
6:16 of 2nd period - Wrist shot by Patrick Marleau.
6:16 of 2nd period - Goal by Patrick Marleau - Oilers : 5 - Coyotes : 3.
6:17 of 2nd period - R.J. Umberger wins face-off versus Derek Stepan in neutral zone.
6:24 of 2nd period - Slapshot by Kyle Clifford.
6:24 of 2nd period - Shot Blocked by Ryan McDonagh.
6:44 of 2nd period - Slapshot by Nick Foligno.
6:44 of 2nd period - Stopped by Carter Hutton with a rebound.
8:00 of 2nd period - Snap shot by Pavel Datsyuk.
8:00 of 2nd period - Stopped by Carter Hutton with a rebound.
8:02 of 2nd period - Snap shot by Pavel Datsyuk.
8:02 of 2nd period - Stopped by Carter Hutton with a rebound.
8:04 of 2nd period - Slapshot by Andrew MacDonald.
8:04 of 2nd period - Shot Misses the Net.
8:06 of 2nd period - Wrist shot by Pavel Datsyuk.
8:06 of 2nd period - Deflect By Patrick Marleau.
8:06 of 2nd period - Shot Misses the Net.
8:06 of 2nd period - Puck is out of play.
8:07 of 2nd period - Lars Eller wins face-off versus Dave Steckel in Coyotes zone.
8:18 of 2nd period - Snap shot by Rob Klinkhammer.
8:18 of 2nd period - Shot Blocked by Andrew MacDonald.
9:07 of 2nd period - Nick Foligno is hit by David Jones and loses puck.
9:22 of 2nd period - Eric Nystrom is hit by Ryan McDonagh and loses puck.
9:58 of 2nd period - Wrist shot by Milan Michalek.
9:58 of 2nd period - Stopped by Carter Hutton without a rebound.
9:59 of 2nd period - Rob Klinkhammer wins face-off versus David Desharnais in Coyotes zone.
9:59 of 2nd period - Rob Klinkhammer is hit by Zbynek Michalek.
10:53 of 2nd period - Snap shot by Nicklas Backstrom.
10:53 of 2nd period - Shot Blocked by T.J. Brennan.
10:55 of 2nd period - Slapshot by Nicklas Backstrom.
10:55 of 2nd period - Deflect By Pavel Datsyuk.
10:55 of 2nd period - Shot Blocked by T.J. Brennan.
10:55 of 2nd period - Puck is out of play.
10:56 of 2nd period - David Jones wins face-off versus Patrick Marleau in Coyotes zone.
11:50 of 2nd period - Snap shot by David Jones.
11:50 of 2nd period - Stopped by Ray Emery with a rebound.
11:56 of 2nd period - Eric Nystrom is hit by Nick Foligno and loses puck.
12:21 of 2nd period - Snap shot by Stephen Weiss.
12:21 of 2nd period - Goal by Stephen Weiss - Oilers : 5 - Coyotes : 4.
12:22 of 2nd period - David Desharnais wins face-off versus R.J. Umberger in neutral zone.
12:38 of 2nd period - Wrist shot by Stephen Weiss.
12:38 of 2nd period - Stopped by Ray Emery without a rebound.
12:39 of 2nd period - Stephen Weiss wins face-off versus David Desharnais in Oilers zone.
14:26 of 2nd period - Wrist shot by Nicklas Backstrom.
14:26 of 2nd period - Stopped by Carter Hutton with a rebound.
14:28 of 2nd period - Snap shot by Nicklas Backstrom.
14:28 of 2nd period - Stopped by Carter Hutton without a rebound.
14:29 of 2nd period - Derek Stepan wins face-off versus Dave Steckel in Coyotes zone.
15:37 of 2nd period - Michal Jordan is hit by Lars Eller and loses puck.
16:23 of 2nd period - Wrist shot by Pavel Datsyuk.
16:23 of 2nd period - Goal by Pavel Datsyuk - Oilers : 6 - Coyotes : 4.
16:24 of 2nd period - Derek Stepan wins face-off versus Stephen Weiss in neutral zone.
16:54 of 2nd period - Icing by Mark Borowiecki.
16:55 of 2nd period - David Desharnais wins face-off versus Stephen Weiss in Coyotes zone.
16:58 of 2nd period - Wrist shot by Milan Michalek.
16:58 of 2nd period - Stopped by Carter Hutton with a rebound.
17:08 of 2nd period - Slapshot by David Desharnais.
17:08 of 2nd period - Shot Misses the Net.
17:27 of 2nd period - Slapshot by David Desharnais.
17:27 of 2nd period - Deflect By Nick Bonino.
17:27 of 2nd period - Shot Misses the Net.
17:27 of 2nd period - Puck is out of play.
17:28 of 2nd period - Carter Ashton wins face-off versus Derek Stepan in Coyotes zone.
17:28 of 2nd period - Carter Ashton is hit by Andrew Ladd.
17:46 of 2nd period - Snap shot by Eric Nystrom.
17:46 of 2nd period - Stopped by Ray Emery with a rebound.
18:26 of 2nd period - Philippe Paradis is hit by Ryan McDonagh and loses puck.
19:43 of 2nd period - Wrist shot by Trevor Lewis.
19:43 of 2nd period - Shot Misses the Net.
19:45 of 2nd period - Slapshot by Andrew MacDonald.
19:45 of 2nd period - Stopped by Carter Hutton with a rebound.
19:47 of 2nd period - Slapshot by Andrew MacDonald.
19:47 of 2nd period - Deflect By Trevor Lewis.
19:47 of 2nd period - Shot Misses the Net.
19:47 of 2nd period - Puck is out of play.
19:48 of 2nd period - Derek Stepan wins face-off versus Stephen Weiss in Coyotes zone.
Goals for this period are 4 for Oilers vs 2 for Coyotes.
Shots for this period are 18 for Oilers vs 8 for Coyotes.

3rd period


0:01 of 3rd period - Dave Steckel wins face-off versus Nicklas Backstrom in neutral zone.
0:48 of 3rd period - Minor Penalty to Andrew Ladd for Hooking.
0:49 of 3rd period - Carter Ashton wins face-off versus Nick Bonino in Oilers zone.
1:10 of 3rd period - Wrist shot by Eric Nystrom.
1:10 of 3rd period - Shot Misses the Net.
1:12 of 3rd period - Slapshot by Eric Nystrom.
1:12 of 3rd period - Shot Blocked by Zbynek Michalek.
1:14 of 3rd period - Slapshot by Stefan Elliott.
1:14 of 3rd period - Shot Blocked by Patrick Marleau.
1:16 of 3rd period - Snap shot by Eric Nystrom.
1:16 of 3rd period - Stopped by Ray Emery without a rebound.
1:17 of 3rd period - Stephen Weiss wins face-off versus Nick Bonino in Oilers zone.
1:28 of 3rd period - Backhand shot by Rob Klinkhammer.
1:28 of 3rd period - Shot Blocked by Nick Bonino.
1:28 of 3rd period - Nick Bonino from Oilers is injured at 1:28 of 3rd period (Right Knee).
1:29 of 3rd period - Carter Ashton wins face-off versus Patrick Marleau in Oilers zone.
2:31 of 3rd period - Backhand shot by Rob Klinkhammer.
2:31 of 3rd period - Stopped by Ray Emery without a rebound.
2:32 of 3rd period - Carter Ashton wins face-off versus Patrick Marleau in Oilers zone.
2:43 of 3rd period - Zbynek Michalek is hit by Eric Nystrom and loses puck.
2:48 of 3rd period - Penalty to Andrew Ladd is over, Andrew Ladd is back on ice.
3:06 of 3rd period - Slapshot by Rob Klinkhammer.
3:06 of 3rd period - Stopped by Ray Emery with a rebound.
3:08 of 3rd period - Snap shot by Dave Steckel.
3:08 of 3rd period - Stopped by Ray Emery without a rebound.
3:09 of 3rd period - Derek Stepan wins face-off versus Rob Klinkhammer in Oilers zone.
3:14 of 3rd period - Rob Klinkhammer is hit by Andrew Ladd and loses puck.
3:23 of 3rd period - Wrist shot by Nick Foligno.
3:23 of 3rd period - Shot Blocked by Rob Klinkhammer.
3:25 of 3rd period - Wrist shot by Andrew Ladd.
3:25 of 3rd period - Shot Misses the Net.
3:27 of 3rd period - Slapshot by Ryan McDonagh.
3:27 of 3rd period - Deflect By Mark Borowiecki.
3:27 of 3rd period - Goal by Ryan McDonagh - Oilers : 7 - Coyotes : 4.
3:28 of 3rd period - Derek Stepan wins face-off versus Stephen Weiss in neutral zone.
4:20 of 3rd period - Stephen Weiss is hit by Zbynek Michalek and loses puck.
4:31 of 3rd period - Pavel Datsyuk is hit by Kyle Clifford and loses puck.
5:07 of 3rd period - Slapshot by Michal Jordan.
5:07 of 3rd period - Shot Blocked by Nicklas Backstrom.
5:09 of 3rd period - Slapshot by Michal Jordan.
5:09 of 3rd period - Stopped by Ray Emery with a rebound.
5:11 of 3rd period - Snap shot by Carter Ashton.
5:11 of 3rd period - Stopped by Ray Emery with a rebound.
5:25 of 3rd period - Michal Jordan is hit by Ryan McDonagh.
6:06 of 3rd period - Mark Barberio is hit by Jason Demers.
6:24 of 3rd period - Greg Pateryn is hit by Derek Stepan and loses puck.
6:29 of 3rd period - Wrist shot by Derek Stepan.
6:29 of 3rd period - Shot Misses the Net.
6:35 of 3rd period - Slapshot by Nick Foligno.
6:35 of 3rd period - Shot Hit the Post.
7:11 of 3rd period - T.J. Brennan is hit by Pavel Datsyuk and loses puck.
8:21 of 3rd period - Icing by Bobby Butler.
8:22 of 3rd period - Dave Steckel wins face-off versus Nicklas Backstrom in Coyotes zone.
9:09 of 3rd period - Snap shot by David Jones.
9:09 of 3rd period - Deflect By Stephen Weiss.
9:09 of 3rd period - Stopped by Ray Emery without a rebound.
9:10 of 3rd period - Derek Stepan wins face-off versus Stephen Weiss in Oilers zone.
10:23 of 3rd period - Wrist shot by Kyle Clifford.
10:23 of 3rd period - Shot Hit the Post.
10:25 of 3rd period - Snap shot by Kyle Clifford.
10:25 of 3rd period - Goal by Kyle Clifford - Oilers : 7 - Coyotes : 5.
10:26 of 3rd period - Derek Stepan wins face-off versus Stephen Weiss in neutral zone.
11:17 of 3rd period - Stefan Elliott is hit by Ryan McDonagh and loses puck.
12:13 of 3rd period - Off-side.
12:14 of 3rd period - David Desharnais wins face-off versus Dave Steckel in neutral zone.
12:37 of 3rd period - Snap shot by Patrick Marleau.
12:37 of 3rd period - Stopped by Carter Hutton with a rebound.
12:39 of 3rd period - Slapshot by Jason Demers.
12:39 of 3rd period - Shot Blocked by Bobby Butler.
12:51 of 3rd period - Minor Penalty to Nick Foligno for Hooking.
12:52 of 3rd period - David Desharnais wins face-off versus Eric Nystrom in Oilers zone.
13:03 of 3rd period - Andrew Ladd is hit by Kyle Clifford and loses puck.
14:51 of 3rd period - Penalty to Nick Foligno is over, Nick Foligno is back on ice.
14:56 of 3rd period - Snap shot by Eric Nystrom.
14:56 of 3rd period - Stopped by Ray Emery with a rebound.
15:31 of 3rd period - Icing by James Wisniewski.
15:32 of 3rd period - Kyle Clifford wins face-off versus Lars Eller in Oilers zone.
16:05 of 3rd period - Snap shot by Derek Stepan.
16:05 of 3rd period - Stopped by Carter Hutton with a rebound.
17:09 of 3rd period - Off-side.
17:10 of 3rd period - Derek Stepan wins face-off versus Kyle Clifford in neutral zone.
18:13 of 3rd period - Minor Penalty to Dave Steckel for Holding.
18:14 of 3rd period - David Desharnais wins face-off versus Stephen Weiss in Coyotes zone.
18:55 of 3rd period - Snap shot by Pavel Datsyuk.
18:55 of 3rd period - Stopped by Carter Hutton without a rebound.
18:56 of 3rd period - David Jones wins face-off versus Nicklas Backstrom in Coyotes zone.
19:11 of 3rd period - Snap shot by Greg Pateryn.
19:11 of 3rd period - Shot Misses the Net.
19:13 of 3rd period - Snap shot by Rob Klinkhammer.
19:13 of 3rd period - Shot Misses the Net.
19:15 of 3rd period - Slapshot by Mark Barberio.
19:15 of 3rd period - Shot Misses the Net.
19:32 of 3rd period - Icing by Derek Stepan.
19:33 of 3rd period - David Desharnais wins face-off versus Stephen Weiss in Oilers zone.
19:52 of 3rd period - Eric Nystrom is hit by Andrew Ladd and loses puck.
Goals for this period are 1 for Oilers vs 1 for Coyotes.
Shots for this period are 4 for Oilers vs 9 for Coyotes.